 Dungeon Crawl Stone Soup version 0.31-a0-188-g5e087ee2ca (webtiles) character file.

Game seed: 6635728773155099204

9499 gelatine the Cleaver (level 11, -4/84 HPs)
             Began as a Demonspawn Fighter on June 24, 2023.
             Slain by a boulder beetle (30 damage)
             ... on level 1 of the Lair of Beasts.
             The game lasted 00:30:20 (11126 turns).

gelatine the Cleaver (Demonspawn Fighter)          Turns: 11126, Time: 00:30:22

Health: -4/84      AC:  9    Str: 26    XL:     11   Next: 23%
Magic:  0/17       EV: 20    Int: 11    God:
Gold:   295        SH:  9    Dex: 12    Spells: 14/18 levels left

rFire   + . .        a - +0 war axe
rCold   . . .        c - +0 buckler
rNeg    . . .        d - +2 leather armour {rF+}
rPois   .            (helmet restricted)
rElec   .            (cloak unavailable)
rCorr   .            (no gloves)
SInv    .            (no boots)
Will    .....        A - amulet of guardian spirit
Stlth   ++           y - +6 ring of strength
HPRegen 0.34/turn    D - +4 ring of slaying
MPRegen 0.15/turn

%: guardian spirit
@: agile, studying Long Blades
A: repulsion field 1, icemail 1, powered by pain 1, condensation shield,
weakness stinger 3, antennae 1, subdued magic 1
a: no special abilities


You were on level 1 of the Lair of Beasts.
You visited 3 branches of the dungeon, and saw 11 of its levels.
You also visited: Sewer.

You collected 471 gold pieces.
You spent 176 gold pieces at shops.

Inventory:

Hand Weapons
 a - a +0 war axe (weapon)
Missiles
 e - 7 atropa-tipped darts
 h - 67 poisoned darts
 p - 5 boomerangs (quivered)
 r - 2 javelins
Armour
 c - a +0 buckler (worn)
 d - a +2 leather armour of fire resistance (worn)
 t - +0 pearl dragon scales
Jewellery
 f - a +5 ring of evasion
 y - a +6 ring of strength (left hand)
 A - an amulet of guardian spirit (around neck)
 D - a +4 ring of slaying (right hand)
Wands
 b - a wand of digging (9)
 z - a wand of paralysis (2)
 F - a wand of iceblast (11)
Scrolls
 i - 2 scrolls of vulnerability
 j - a scroll of enchant weapon {unknown}
 m - 3 scrolls of teleportation {unknown}
 n - a scroll of enchant armour {unknown}
 q - 2 scrolls of amnesia {unknown}
 w - 2 scrolls of fog {unknown}
 x - a scroll of silence {unknown}
 I - a scroll of immolation {unknown}
Potions
 g - a potion of cancellation
 k - a potion of resistance
 l - a potion of attraction
 o - 2 potions of enlightenment {unknown}
 s - a potion of mutation
 u - 3 potions of degeneration {unknown}
 v - a potion of haste
 B - a potion of brilliance {unknown}
 C - a potion of lignification
 G - a potion of curing
 H - a potion of heal wounds


   Skills:
 * Level 7.5 Fighting
 * Level 8.0 Axes
 + Level 6.5 Throwing
 * Level 7.2 Armour
 * Level 5.8 Dodging
 + Level 3.3 Stealth
 * Level 6.5 Shields
 * Level 4.0 Spellcasting
 * Level 3.4 Poison Magic


You had 14 spell levels left.
You knew the following spells:

 Your Spells              Type           Power      Damage    Failure   Level
a - Olgreb's Toxic Radia  Pois           7%         N/A       54%         4

Your spell library contained the following spells:

 Spells                   Type           Power      Damage    Failure   Level
 Sting                    Tmut/Pois      16%        1d3       12%         1
 Poisonous Vapours        Pois/Air       8%         N/A       19%         2
 Apportation              Tloc           2%         N/A       26%         1
 Necrotise                Necr           4%         1d4       26%         1
 Summon Small Mammal      Summ           4%         N/A       26%         1
 Dazzling Flash           Conj/Hex       2%         N/A       61%         3
 Portal Projectile        Hex/Tloc       2%         N/A       61%         3
 Summon Guardian Golem    Hex/Summ       1%         N/A       61%         3
 Tukima's Dance           Hex            1%         N/A       61%         3
 Cause Fear               Hex            0%         N/A       95%         4
 Agony                    Necr           1%         N/A       100%        5
 Blade Hands              Tmut           0%         N/A       100%        5
 Silence                  Hex/Air        0%         N/A       100%        5
 Dragon Form              Tmut           0%         N/A       100%        7
 Orb of Destruction       Conj           0%         9d5       100%        7
 Spellforged Servitor     Conj/Summ      0%         N/A       100%        7
 Dragon's Call            Summ           0%         N/A       100%        9


Dungeon Overview and Level Annotations

Branches:
Dungeon (9/15)             Temple (1/1) D:7            Lair (1/5) D:9
  Sewer (visited)
    Orc: D:9-12

Altars:
Ashenzari
Cheibriados
Gozag
Hepliaklqana
Kikubaaqudgha
Makhleb
Nemelex Xobeh
Okawaru
Qazlal
Ru
Trog
Vehumet
Wu Jian
Xom

Shops:
D:9 !

Annotations:
D:7 1 runed translucent door, Munksy's ghost, novice MiFi


Innate Abilities, Weirdness & Mutations

You are surrounded by a mild repulsion field. (EV +2)
A meltable icy envelope protects you from harm. (AC +4)
You sometimes gain a little power by taking damage.
A meltable shield of frost defends you. (SH +4)
You have a sharp stinger which inflicts weakening toxins.
You have a pair of small antennae on your head.
Your spells are a little easier to cast, but a little less powerful.


Message History

The boulder beetle is severely wounded.
The boulder beetle leaps!
You are too injured to fight recklessly!
Throw: 5 boomerangs
Press: ? - help, Q - select action, (/) - cycle Shift-Dir - straight line, f/p - boulder beetle
Aim: a boulder beetle (heavily wounded, 91% to hit)
You throw a boomerang.
The boomerang barely misses the boulder beetle.
Throw: 5 boomerangs
Press: ? - help, Q - select action, (/) - cycle Shift-Dir - straight line, f/p - boulder beetle
Aim: a boulder beetle (heavily wounded, 91% to hit)
You throw a boomerang.
The boomerang hits the boulder beetle but does no damage.
The boulder beetle is heavily wounded.
Throw: 8 darts (atropa)
Press: ? - help, Shift-Dir - straight line, f/p - boulder beetle
Aim: a boulder beetle (heavily wounded, 91% to hit, chance to blind on hit: 11%)
You throw an atropa-tipped dart.
The atropa-tipped dart hits the boulder beetle!
The boulder beetle resists.
The boulder beetle is heavily wounded.
Throw: 3 javelins
Press: ? - help, Shift-Dir - straight line, f/p - boulder beetle
Aim: a boulder beetle (heavily wounded, 91% to hit)
You throw a javelin.
The javelin pierces through the boulder beetle but does no damage.
The boulder beetle is heavily wounded.
The boulder beetle curls into a ball and begins rolling!
Throw: dart (curare)
Press: ? - help, Shift-Dir - straight line, f/p - boulder beetle
Aim: a boulder beetle (heavily wounded, rolling, 91% to hit)
You throw a curare-tipped dart.
The curare-tipped dart hits the boulder beetle.
The boulder beetle is poisoned.
The boulder beetle convulses.
The boulder beetle seems to slow down.
The boulder beetle is severely wounded.
You hit the boulder beetle.
The boulder beetle is severely wounded.
The boulder beetle hits you!!!
You die...

.(# .. #..# ... ....
#..# #.. .. ##..P
#..####.### #.?
##.#..##..#P##.#.##...
.............°........
............B.........
............@.........
......................
......................
.........####'#.P#....
###..####.####.####
...
........#.##......#
......)...##......#
........#..#......#
..........###.#####


You could see a boulder beetle (rolling, very poisoned, slow).

Vanquished Creatures
  Erica (D:9)
  A two-headed ogre (D:9)
  A boulder beetle (D:8)
  A tarantella (shapeshifter) (D:8)
  Prince Ribbit (D:9)
  A shadow (D:7)
  2 wyverns
  3 yaks (D:8)
  3 steam dragons
  3 wargs (D:9)
  8 water moccasins
  An orc warrior (D:8)
  2 sky beasts
  A black bear (D:6)
  An ogre (D:6)
  2 centaurs
  A phantom (D:6)
  10 kobold brigands
  4 gnoll sergeants
  6 bullfrogs
  5 scorpions
  12 killer bees
  2 hounds (D:6)
  3 jellies
  A gnoll bouda (D:6)
  6 orc priests
  Crazy Yiuf (D:3)
  Natasha (thrice) (D:4)
  3 iguanas
  11 orc wizards
  26 gnolls
  21 adders
  6 river rats (Sewer)
  2 shadow imps
  2 white imps
  An ufetubus (D:5)
  4 worms
  4 dart slugs
  46 orcs
  13 endoplasms
  3 giant cockroaches
  7 goblins
  9 hobgoblins
  6 quokkas
  3 ball pythons
  6 bats
  3 frilled lizards
  28 kobolds
  11 rats
301 creatures vanquished.

Notes
Turn   | Place    | Note
-------+----------+-------------------------------------------
     0 | D:1      | gelatine the Demonspawn Fighter began the quest for the
                  | Orb.
     0 | D:1      | Reached XP level 1. HP: 18/18 MP: 1/1
    72 | D:1      | Gained mutation: You have a small tail. [demonic ancestry]
    72 | D:1      | Reached XP level 2. HP: 14/24 MP: 2/2
   134 | D:1      | Reached skill level 2 in Axes
   315 | D:1      | You fall into a shaft and drop 1 floor!
   432 | D:1      | Gained mutation: You have a tail ending in a sharp stinger.
                  | [demonic ancestry]
   432 | D:1      | Reached XP level 3. HP: 29/29 MP: 3/3
  1703 | D:3      | Found a glowing drain.
  1712 | Sewer    | Entered a sewer
  1759 | Sewer    | Noticed a kobold brigand
  1766 | Sewer    | Gained mutation: You have a pair of small antennae on your
                  | head. [potion of mutation]
  1766 | Sewer    | Gained mutation: Your spells are a little easier to cast,
                  | but a little less powerful. [potion of mutation]
  1777 | Sewer    | Killed a kobold brigand
  1778 | Sewer    | Reached XP level 4. HP: 26/35 MP: 4/4
  1860 | Sewer    | Noticed a kobold brigand
  1877 | Sewer    | Killed a kobold brigand
  1878 | Sewer    | Reached skill level 3 in Axes
  1878 | Sewer    | Reached skill level 1 in Throwing
  1878 | Sewer    | Reached skill level 1 in Dodging
  1878 | Sewer    | Gained mutation: You sometimes gain a little power by
                  | taking damage. [demonic ancestry]
  1878 | Sewer    | Reached XP level 5. HP: 29/41 MP: 5/5
  1994 | Sewer    | Reached XP level 6. HP: 22/47 MP: 6/6
  2676 | Sewer    | Gained mutation: You are surrounded by a mild repulsion
                  | field. (EV +2) [demonic ancestry]
  2676 | Sewer    | Reached XP level 7. HP: 27/53 MP: 7/7
  2988 | D:3      | Reached skill level 5 in Axes
  2988 | D:3      | Reached skill level 5 in Throwing
  2988 | D:3      | Reached skill level 5 in Armour
  2988 | D:3      | Reached skill level 5 in Shields
  2988 | D:3      | Gained mutation: You have a sharp stinger which inflicts
                  | weakening toxins. [demonic ancestry]
  2988 | D:3      | Reached XP level 8. HP: 64/64 MP: 7/12
  3386 | D:3      | Found a runed translucent door.
  3387 | D:3      | Noticed Crazy Yiuf
  3395 | D:3      | Killed Crazy Yiuf
  3826 | D:4      | Noticed Natasha
  3842 | D:4      | Killed Natasha
  4190 | D:4      | Noticed Natasha
  4195 | D:4      | Killed Natasha
  4196 | D:4      | Reached skill level 6 in Axes
  4319 | D:4      | Noticed Natasha
  4323 | D:4      | Killed Natasha
  4573 | D:5      | Entered Level 5 of the Dungeon
  4759 | D:5      | Learned a level 4 spell: Olgreb's Toxic Radiance
  4837 | D:5      | Reached XP level 9. HP: 69/69 MP: 13/13
  6042 | D:6      | Reached skill level 1 in Poison Magic
  7121 | D:7      | Reached skill level 5 in Dodging
  7203 | D:7      | Gained mutation: A meltable shield of frost defends you.
                  | (SH +4) [demonic ancestry]
  7203 | D:7      | Reached XP level 10. HP: 44/77 MP: 14/14
  7330 | D:7      | Found a staircase to the Ecumenical Temple.
  7343 | Temple   | Entered the Ecumenical Temple
  7786 | D:7      | Found a hazy altar of Hepliaklqana.
  7845 | D:7      | Reached skill level 7 in Axes
  8130 | D:7      | Found a runed translucent door.
  8132 | D:7      | Noticed Munksy's ghost (novice MiFi)
  8986 | D:8      | Identified the +0 dagger "Batimn" {freeze, Str+4}
  9109 | D:8      | Noticed a boulder beetle
  9177 | D:8      | Killed a boulder beetle
  9565 | D:9      | Noticed Erica
  9588 | D:9      | Killed Erica
  9674 | D:9      | Noticed Prince Ribbit
  9688 | D:9      | Killed Prince Ribbit
  9701 | D:9      | Found Eggil's Distillery.
  9710 | D:9      | Bought a potion of curing for 48 gold pieces
  9710 | D:9      | Bought a potion of curing for 48 gold pieces
  9710 | D:9      | Bought a potion of heal wounds for 80 gold pieces
  9792 | D:9      | Found a staircase to the Lair.
  9815 | D:9      | Noticed a two-headed ogre
  9824 | D:9      | Killed a two-headed ogre
  9825 | D:9      | Gained mutation: A meltable icy envelope protects you from
                  | harm. (AC +4) [demonic ancestry]
  9825 | D:9      | Reached XP level 11. HP: 50/84 MP: 10/16
 10807 | Lair:1   | Entered Level 1 of the Lair of Beasts
 10823 | D:9      | Reached skill level 8 in Axes
 11091 | Lair:1   | Noticed a boulder beetle
 11126 | Lair:1   | Slain by a boulder beetle

Illustrated notes

Levels and vault maps discovered:
D:1:      lightli_arrival_lavapool, layout_basic, serial_forest,
          infiniplex_forest_lined_1, infiniplex_forest_zigzag_1,
          infiniplex_forest_corner_1, infiniplex_forest_clump_tiny,
          infiniplex_forest_clump_small, infiniplex_forest_side_room
D:2:      layout_loops_ring
D:3:      layout_loops_ring, portal_sewer_entry_d, kennysheep_path_1,
          nrook_campfire, uniq_crazy_yiuf_cottage
D:4:      layout_loops_ring, uniq_natasha
D:5:      layout_basic, minmay_manual_mess
D:6:      layout_gridville, kennysheep_donut
D:7:      layout_basic, mainiacjoe_overflow_tiny_flanked,
          minmay_temple_entry_drinking_statues, gammafunk_ghost_grave,
          kennysheep_generic_room_15
D:8:      layout_gridville, chequers_serial_rivers_small_b, grunt_ministairs_9
D:9:      layout_stronghold, erik_lair_orcish_takeover, serial_shops,
          nicolae_shop_tiny_glass, uniq_prince_ribbit1, uniq_erica
Temple:   nicolae_temple_superstar
Lair:1:   layout_regular_city, gammafunk_ghost_necromancy,
          chequers_serial_rivers_small_3, minmay_lair_oklob_items,
          cheibrodos_lair_reptile_den

Skill      XL: |  1  2  3  4  5  6  7  8  9 10 11 |
---------------+----------------------------------+-----
Axes           | 2 3 5 6 7 8 |  8.0
Shields        | 3 5 6 |  6.5
Armour         | 3 4 5 6 7 |  7.2
Throwing       | 1 2 3 5 6 |  6.5
Dodging        | 1 4 5 |  5.8
Fighting       | 6 7 |  7.5
Stealth        | 3 |  3.3
Spellcasting   | 2 3 4 |  4.0
Poison Magic   | 2 3 |  3.4

Action                     |  1- 3 |  4- 6 |  7- 9 | 10-12 || total
---------------------------+-------+-------+-------+-------++-------
  Melee: War axe           |    86 |    78 |   367 |   269 ||   800
         Tailslap          |     3 |     5 |    37 |    54 ||    99
  Throw: Boomerang         |    19 |    69 |   195 |   136 ||   419
         Dart              |       |     9 |       |     2 ||    11
         Javelin           |       |       |       |     1 ||     1
  Evoke: Wand              |       |       |       |     1 ||     1
    Use: Potion            |     4 |     1 |     8 |     3 ||    16
         Scroll            |     3 |       |     3 |     2 ||     8
 Armour: Scale mail        |    30 |    10 |    71 |       ||   111
         Ring mail         |    21 |       |    14 |       ||    35
         Skin              |     2 |       |       |       ||     2
         Leather armour    |       |       |    30 |    47 ||    77
  Dodge: Dodged            |    37 |    49 |   307 |   201 ||   594
  Block: Buckler           |    22 |    14 |   118 |   129 ||   283

Table legend: (Time is in decaauts)
 A = Elapsed time spent in this place.
 B = Non-inter-level travel time spent in this place.
 C = Inter-level travel time spent in this place.
 D = Time resting spent in this place.
 E = Time spent auto-exploring this place.
 F = Levels seen in this place.
 G = Mean time per level.
                   A        B        C        D        E       F      G
               +--------+--------+--------+--------+--------+-----+--------+
         Total |  11561 |  11338 |    223 |      0 |   8663 |  12 |  963.4 |
       Dungeon |   9921 |   9713 |    208 |      0 |   7578 |   9 | 1102.3 |
        Temple |    104 |     89 |     15 |      0 |     73 |   1 |  104.0 |
          Lair |    140 |    140 |      0 |      0 |     80 |   1 |  140.0 |
         Sewer |   1394 |   1394 |      0 |      0 |    932 |   1 | 1394.0 |
               +--------+--------+--------+--------+--------+-----+--------+

Top non-repeatable levels by time:
     D:9: 1648 daAuts
   Sewer: 1394 daAuts
     D:7: 1385 daAuts
     D:5: 1296 daAuts
     D:3: 1099 daAuts
     D:8: 1076 daAuts
     D:6: 1025 daAuts
     D:1: 877 daAuts
     D:4: 799 daAuts
     D:2: 712 daAuts
  Lair:1: 140 daAuts
  Temple: 104 daAuts
